 Dungeon Crawl Stone Soup version 0.16.2-12-gd0ad4c3 (webtiles) character file.

588419 Peloso the Minotaur Barricade (level 25, -2/241 (250) HPs)
             Began as a Minotaur Fighter on Oct 18, 2015.
             Was the Champion of Okawaru.
             Slain by a seven-headed hydra simulacrum (37 damage)
             ... in the Vestibule of Hell on Oct 19, 2015.
             The game lasted 06:00:13 (71596 turns).

Peloso the Minotaur Barricade (Minotaur Fighter)   Turns: 71596, Time: 06:00:13

HP:   -2/241 (250)  AC: 54    Str: 37    XL:     25   Next: 59%
MP:   40/40         EV: 12    Int: 11    God:    Okawaru [******]
Gold: 7547          SH: 31    Dex: 17    Spells: 0 memorised, 24 levels left

rFire  . . .     SeeInvis .     p - +10 long sword of Ravuech {flame, rPois MR+ MP+9 Dex-3 Stlth+}
rCold  x . .     Clarity  .     r - +14 crystal plate armour "Kaddug" {Contam +Fly rN+ rCorr Slay+2}
rNeg   + + .     SustAb   .     y - +2 large shield {reflect}
rPois  +         Gourm    .     h - +2 hat of the Barber Surgeon {MR+ MP+9 Str+4 Int-2}
rElec  +         Spirit   .     P - +2 cloak {MR+}
rCorr  +         Warding  .     U - +0 pair of gloves of the Princess {Regen+ Int+4 Slay+3}
rMut   .         Stasis   .     Q - +2 pair of boots {Fly}
MR     +++++                    s - amulet "Amaf Sky" {rN+ Regen+ Str+2}
Stlth  ..........               i - ring "Thrior" {rPois Str+2 Int+4 Dex+3}
                                q - ring of Xoasex {rElec rC- MR+ Str+3 Stlth-}

@: lethally poisoned (-2 -> -2), flying, very slightly contaminated, hasted,
constricted, drained, very quick, almost entirely resistant to hostile
enchantments, extremely unstealthy
A: retaliatory headbutt, horns 2, talons 1, breathe flames 1, shaggy fur 1,
MP-powered wands 1
a: Heroism, Finesse, Renounce Religion, Breathe Fire, Stop Flying
}: 4/15 runes: decaying, serpentine, slimy, silver


You were in the Vestibule of Hell.
You worshipped Okawaru.
Okawaru was exalted by your worship.
You were not hungry.

You visited 12 branches of the dungeon, and saw 59 of its levels.
You also visited: Labyrinth, Ossuary and Ice Cave.

You collected 8914 gold pieces.
You spent 1367 gold pieces at shops.

Inventory:

Hand weapons
 b - the +6 morningstar "Naehea" {venom, +Rage MR+ Str+7 Dex-2 Stlth-}
   (You found it on level 1 of the Crypt)

   It poisons the flesh of those it strikes.
   It affects your strength (+7).
   It affects your dexterity (-2).
   It affects your resistance to hostile enchantments.
   It lets you go berserk.
   It makes you less stealthy.
 e - the +4 long sword of Resourcefulness {slice, Contam +Fly rPois Str+3 Dex+3}
   (Okawaru gifted it to you on level 6 of the Pits of Slime)

   It inflicts extra damage upon your enemies.
   It affects your strength (+3).
   It affects your dexterity (+3).
   It protects you from poison.
   It lets you fly.
   It causes magical contamination when unequipped.
 p - the +10 long sword of Ravuech (weapon) {flame, rPois MR+ MP+9 Dex-3 Stlth+}
   (Okawaru gifted it to you on level 3 of the Vaults)

   It has been specially enchanted to burn those struck by it, causing extra
   injury to most foes and up to half again as much damage against particularly
   susceptible opponents.
   Big, fiery blades are also staple armaments of hydra-hunters.
   It affects your dexterity (-3).
   It protects you from poison.
   It affects your resistance to hostile enchantments.
   It affects your magic capacity (+9).
   It makes you more stealthy.
 A - a +8 demon blade of flaming
Armour
 h - the +2 hat of the Barber Surgeon (worn) {MR+ MP+9 Str+4 Int-2}
   (Okawaru gifted it to you on level 15 of the Dungeon)

   It affects your strength (+4).
   It affects your intelligence (-2).
   It affects your resistance to hostile enchantments.
   It affects your magic capacity (+9).
 r - the +14 crystal plate armour "Kaddug" (worn) {Contam +Fly rN+ rCorr Slay+2}
   (Okawaru gifted it to you on level 4 of the Lair of Beasts)

   It affects your accuracy and damage with ranged weapons and melee attacks
   (+2).
   It protects you from negative energy.
   It lets you fly.
   It causes magical contamination when unequipped.
   It protects you from acid and corrosion.
 t - a +0 hat of spirit shield
 y - a +2 large shield of reflection (worn)
 P - a +2 cloak of magic resistance (worn)
 Q - a +2 pair of boots of flying (worn)
 R - a +2 hat of see invisible
 U - the +0 pair of gloves of the Princess (worn) {Regen+ Int+4 Slay+3}
   (Okawaru gifted it to you on level 3 of the Swamp)

   It affects your intelligence (+4).
   It affects your accuracy and damage with ranged weapons and melee attacks
   (+3).
   It increases your rate of regeneration.
Jewellery
 i - the ring "Thrior" (right hand) {rPois Str+2 Int+4 Dex+3}
   (You found it on level 4 of the Depths)

   [ring of intelligence]

   It affects your strength (+2).
   It affects your intelligence (+4).
   It affects your dexterity (+3).
   It protects you from poison.
 q - the ring of Xoasex (left hand) {rElec rC- MR+ Str+3 Stlth-}
   (You took it off a minotaur in a labyrinth)

   [ring of loudness]

   It affects your strength (+3).
   It makes you vulnerable to cold.
   It insulates you from electricity.
   It affects your resistance to hostile enchantments.
   It makes you less stealthy.
 s - the amulet "Amaf Sky" (around neck) {rN+ Regen+ Str+2}
   (You found it on level 4 of the Dungeon)

   [amulet of regeneration]

   It affects your strength (+2).
   It protects you from negative energy.
   It increases your rate of regeneration.
 G - an uncursed amulet of stasis
 S - the ring of Grace {+Blink rPois rF- EV+2 Int-3 Dex+7}
   (You took it off a rakshasa on level 2 of the Depths)

   [ring of evasion]

   It affects your evasion (+2).
   It affects your intelligence (-3).
   It affects your dexterity (+7).
   It makes you vulnerable to fire.
   It protects you from poison.
   It lets you blink.
Magical devices
 c - a wand of polymorph (11)
 x - a wand of heal wounds (9)
 Z - a wand of digging (9)
Scrolls
 a - 5 scrolls of fear
 f - 13 scrolls of teleportation
 j - a scroll of recharging
 k - 6 scrolls of identify
 l - 16 scrolls of remove curse
 n - 8 scrolls of magic mapping
 B - 2 scrolls of fog
 D - a scroll of blinking
 I - 2 scrolls of summoning
 N - 3 scrolls of silence
 W - a scroll of holy word
Potions
 u - 5 potions of haste
 z - 23 potions of curing
 C - 7 potions of invisibility
 E - a potion of heal wounds
 F - 7 potions of might
 O - 2 potions of resistance
 V - 5 potions of agility
Comestibles
 d - 34 bread rations
 g - 59 fruits
 m - 13 meat rations


   Skills:
 + Level 25.3(25.2) Fighting
 O Level 27(26.9) Long Blades
 + Level 21.0(20.9) Armour
 + Level 7.0 Dodging
 + Level 3.3 Stealth
 O Level 27(26.9) Shields
 + Level 2.6 Unarmed Combat
 + Level 4.2 Invocations
 + Level 2.0 Evocations


You had 24 spell levels left.
You didn't know any spells.

Dungeon Overview and Level Annotations

Branches:
Dungeon (15/15)            Temple (1/1) D:6            Lair (8/8) D:8
  Swamp (5/5) Lair:5        Snake (5/5) Lair:4        Slime (6/6) Lair:8
    Orc (4/4) D:10            Elf (3/3) Orc:3        Vaults (5/5) D:13
  Crypt (1/3) Vaults:2     Depths (5/5) D:15           Hell (1/1)
    Coc (0/7) Hell            Zot (0/5) Depths:5
    Dis: Hell:1         Geh: Hell:1         Tar: Hell:1

Altars:
Ashenzari
Cheibriados
Dithmenos
Elyvilon
Fedhas
Gozag
Kikubaaqudgha
Makhleb
Nemelex Xobeh
Okawaru
Qazlal
Ru
Sif Muna
Trog
Vehumet
Xom
Yredelemnul
Zin
The Shining One
Beogh
Jiyva

Shops:
D:7 ***[   D:8 (   Orc:4 [((!%   Snake:1 *   Snake:5 :   Vaults:2 *
Vaults:3 =   Vaults:4 ([[   Vaults:5 [   Depths:1 *   Depths:5 !

Portals:
Hell: Depths:1 Depths:2 Depths:3 Depths:4 Depths:5
Abyss: Depths:4
Pandemonium: Depths:3
Ziggurat: Depths:2
Trove: D:10 (give +4 gold dragon armour)

Annotations:
Hell exclusion: 2 ice statues, Geryon


Innate Abilities, Weirdness & Mutations

You reflexively headbutt those who attack you in melee.
You have a pair of horns on your head.
You have sharp toenails.
You can breathe flames.
You are covered in fur (AC +1).
You expend magic power (3 MP) to slightly strengthen your wands.


Message History

The water elemental is engulfed in freezing vapours.
The water elemental hits you.
You are very lightly contaminated with residual magic.
A hell rat comes into view.
Drink which item? (? for menu, Esc to quit)
You feel much better.
You block the anaconda skeleton's attack.
The anaconda skeleton constricts you.
You block the seven-headed hydra simulacrum's attack.
The seven-headed hydra simulacrum bites you but does no damage.
The seven-headed hydra simulacrum bites you.
The seven-headed hydra simulacrum freezes you!!!
You feel a terrible chill!
* * * LOW HITPOINT WARNING * * *
The seven-headed hydra simulacrum closely misses you.
The seven-headed hydra simulacrum bites you!
* * * LOW HITPOINT WARNING * * *
The seven-headed hydra simulacrum freezes you!!!
You feel a terrible chill!
You die...

.≈..# ≈≈≈≈≈≈≈.##
# ≈≈≈≈≈≈≈≈≈.## #
#≈≈≈≈≈≈≈≈≈≈.## #2
#≈≈≈≈≈≈≈≈≈...##
#r.
#≈≈≈≈≈≈≈≈≈≈...##
#...
#≈≈≈≈≈.≈≈≈≈≈...#
#....
#≈...2Z≈§≈≈.8...#
....
#≈...3@Y.........
...
#≈.∩.Z5E§........
..
#≈....Z§........
#≈....≈Z≈≈≈≈8...
#≈≈≈≈≈≈≈≈≈≈r...#
#≈≈≈≈≈≈≈≈≈≈r..#
≈≈≈≈≈≈≈≈≈...#
≈≈≈≈≈≈≈r≈.# ≈≈≈.≈


You could see 2 ice statues, a blizzard demon, an ice devil, a water elemental,
an ice beast, 3 hell rats, a white imp, a seven-headed hydra simulacrum, a
six-headed hydra zombie, an anaconda skeleton and a four-headed hydra skeleton.

Vanquished Creatures
  the royal jelly (Slime:6)
  Khufu (Crypt:1)
  Mara (thrice) (Vaults:2)
  3 greater mummies (Crypt:1)
  4 player illusions (Vaults:2)
  Norris (Swamp:2)
  Saint Roka (Vaults:4)
  The ghost of Peloso the Minotaur Blade, a mighty MiFi of Okawaru (Slime:6)
  A golden dragon (Vaults:5)
  2 bone dragons (Depths:5)
  The ghost of Bezhaha1 the Impregnable, a mighty MiFi of Makhleb (Depths:3)
  A tentacled monstrosity (Vaults:5)
  3 liches
  A quicksilver dragon (Vaults:5)
  5 titans
  A Shadow Fiend (Elf:3)
  19 acid blobs
  A thorn hunter (Swamp:5)
  An octopode crusher (Depths:1)
  5 sphinxes
  Rupert (Snake:1)
  Agnes (Depths:2)
  4 storm dragons
  Kirke (D:15)
  7 tengu reavers
  19 azure jellies
  7 shadow dragons (Vaults:5)
  Roxanne (Elf:3)
  A revenant (Crypt:1)
  9 fire giants
  Donald (Snake:5)
  9 frost giants
  7 greater nagas (Snake:5)
  An iron dragon (Depths:3)
  19 vault wardens
  A draconian knight (Depths:5)
  Aizul (Snake:2)
  11 deep elf sorcerers
  Gastronok (D:12)
  4 emperor scorpions
  15 very ugly things
  A reaper (Hell)
  18 stone giants
  3 spriggan defenders
  A draconian shifter (Depths:5)
  20 ironheart preservers
  A draconian caller (Depths:5)
  A black draconian (Depths:5)
  3 war gargoyles (Vaults:5)
  2 vampire knights
  A lorocyproca (Elf:3)
  8 deep elf demonologists
  10 deep elf annihilators
  2 red draconians (Depths:5)
  A purple draconian (Depths:5)
  A mottled draconian (Depths:5)
  11 dire elephants
  15 ettins
  A yellow draconian (Depths:5)
  2 minotaurs
  8 deep elf death magi
  2 eidola
  Snorg (Lair:6)
  14 death oozes
  40 vault guards
  13 fire dragons
  A minotaur (shapeshifter) (Vaults:5)
  10 deep elf high priests
  3 jiangshi
  Josephine (D:11)
  11 yaktaur captains
  The ghost of Peloso the Blocker, a powerful MiFi of Okawaru (Orc:2)
  6 rakshasas
  14 great orbs of eyes
  Harold (Lair:1)
  15 hydras
  13 naga warriors
  5 spriggan air magi
  7 anacondas
  6 deep troll earth magi
  12 deep troll shamans
  10 ice dragons
  7 centaur warriors
  A ghost crab (Swamp:5)
  15 dancing weapons (Elf:2)
  4 tengu warriors
  16 ogre magi
  A spectral frost giant (Crypt:1)
  6 alligators
  3 orc high priests
  3 vampire magi
  2 catoblepae
  2 spriggan berserkers
  26 death yaks
  7 shock serpents
  Urug (D:12)
  5 naga sharpshooters
  3 hell hogs (Depths:3)
  Nergalle (Lair:2)
  11 skeletal warriors
  A soul eater (D:10)
  2 fire crabs (Vaults:1)
  2 fire crabs (shapeshifter)
  A sun demon (Elf:3)
  Erolcha (D:11)
  9 iron trolls
  2 shadow wraiths (Vaults:3)
  A storm dragon skeleton (Crypt:1)
  29 deep elf knights
  4 unseen horrors
  7 hell knights
  An anaconda zombie (Crypt:1)
  17 deep trolls
  A spriggan druid (Swamp:4)
  5 flayed ghosts
  8 wizards
  8 necromancers
  7 naga ritualists
  A swamp dragon (Swamp:1)
  A sea snake (shapeshifter) (Vaults:2)
  2 ice statues (IceCv)
  5 giant orange brains
  6 hill giants
  A spectral hydra (Crypt:1)
  15 deep elf summoners
  14 ironbrand convokers
  A shambling mangrove (Swamp:4)
  18 orc knights
  4 wolf spiders
  A harpy (shapeshifter) (Vaults:2)
  17 deep elf conjurers
  7 mana vipers
  6 cyclopes
  7 griffons
  A wolf spider zombie (Vaults:1)
  8 shining eyes
  An unseen horror (shapeshifter) (D:15)
  156 slime creatures
  5 manticores
  4 hornets
  2 octopodes (shapeshifter)
  41 ugly things
  3 draconians (shapeshifter)
  A sixfirhy (Crypt:1)
  A guardian serpent (Snake:4)
  3 oklob plants (Lair:6)
  7 phantasmal warriors
  15 vault sentinels
  15 elephants
  A moth of wrath (shapeshifter) (Depths:2)
  6 orc sorcerers
  Maurice (D:10)
  7 salamanders
  44 black mambas
  2 centaur zombies
  An elephant (shapeshifter) (Vaults:5)
  Joseph (Orc:3)
  An elf zombie (Depths:2)
  A dire elephant zombie (Hell)
  12 spiny frogs
  A torpor snail (Depths:1)
  A guardian serpent (shapeshifter) (Depths:2)
  25 naga magi
  A yaktaur zombie (Vaults:4)
  2 gargoyles
  A hellion (Vaults:3)
  A fire drake (Lair:6)
  7 komodo dragons
  2 kobold demonologists
  4 human zombies
  4 efreet
  A spiny frog (shapeshifter) (Depths:2)
  28 yaktaurs
  A redback zombie (Vaults:1)
  A tormentor (Elf:3)
  2 guardian mummies (D:10)
  9 trolls
  21 deep elf priests
  A giant leech (shapeshifter) (Depths:2)
  A yaktaur skeleton (Vaults:4)
  A jumping spider (Elf:1)
  2 demonic crawlers (Depths:2)
  15 freezing wraiths
  A blue devil (Elf:3)
  A troll (shapeshifter) (Depths:5)
  3 polar bears
  An iron troll skeleton (Crypt:1)
  10 blink frogs
  A jumping spider (shapeshifter) (Elf:3)
  Prince Ribbit (Orc:1)
  10 giant leeches
  The ghost of paplaukes the Charmwright, an average DsSk of Makhleb (D:6)
  7 bog bodies
  4 boulder beetles
  2 hornet zombies
  An ice dragon zombie (Crypt:1)
  17 two-headed ogres
  6 ravens
  A human simulacrum (Vaults:1)
  4 vampires (Crypt:1)
  A flying skull (Crypt:1)
  17 redbacks
  13 spriggans
  A stone giant simulacrum (Crypt:1)
  9 wraiths
  A yak (shapeshifter) (D:15)
  4 air elementals
  49 yaks
  3 basilisks
  A trapdoor spider (D:12)
  5 water elementals (Depths:1)
  4 tarantellas
  4 swamp worm simulacra (Swamp:5)
  A hog (shapeshifter) (Lab)
  33 deep elf magi
  A spriggan (shapeshifter) (D:15)
  33 vampire mosquitoes
  9 hippogriffs
  7 hungry ghosts
  3 hogs (D:15)
  A golden eye (shapeshifter) (Elf:1)
  A yaktaur simulacrum (Vaults:4)
  62 nagas
  8 wargs
  3 wyverns
  43 deep elf fighters
  A soldier ant (D:12)
  12 golden eyes
  A neqoxec (Elf:3)
  25 swamp worms
  2 mottled dragons
  14 wolves
  26 water moccasins
  54 orc warriors
  13 hydra simulacra (Swamp:5)
  15 swamp drakes
  A black bear (shapeshifter) (Vaults:5)
  2 black bears
  6 hell hounds (Depths:3)
  A monstrous demonspawn skeleton (Crypt:1)
  12 wasps
  11 porcupines
  6 eyes of draining
  A water nymph skeleton (Crypt:1)
  A phantom (D:12)
  3 boggarts (Vaults:2)
  The ghost of Peloso the Covered, an average MiFi (D:3)
  An ice beast (shapeshifter) (Depths:2)
  22 ice beasts
  An ettin simulacrum (Vaults:4)
  An ice dragon simulacrum (Crypt:1)
  5 human skeletons
  11 crocodiles
  An ogre (shapeshifter) (Depths:2)
  5 sky beasts
  19 centaurs
  An elf skeleton (Vaults:1)
  4 necrophages
  62 ogres
  A boring beetle (Lair:8)
  4 big kobolds
  Blork the orc (Orc:1)
  28 giant frogs
  An ogre simulacrum (Vaults:1)
  A glowing shapeshifter simulacrum (Vaults:4)
  A wyvern zombie (D:9)
  A draconian zombie (Crypt:1)
  A gnoll sergeant (D:5)
  7 scorpions
  A dryad skeleton (Crypt:1)
  5 water moccasin zombies
  A hippogriff zombie (Crypt:1)
  An elf simulacrum (Vaults:1)
  18 killer bees
  5 electric eels
  2 goliath beetles
  17 wights
  11 crimson imps
  6 hounds
  A giant frog zombie (D:13)
  2 giant frog skeletons
  37 jellies
  6 centaur skeletons
  52 orc priests
  2 quasits
  31 hell rats
  13 iguanas
  55 orc wizards
  16 worker ants
  33 sheep
  5 big kobold zombies (Ossuary)
  A sky beast zombie (Crypt:1)
  Ijyb (D:7)
  A hound zombie (D:5)
  3 mummies
  8 gnolls
  A worker ant zombie (D:9)
  41 river rats
  8 shadow imps
  20 adders
  A worm (shapeshifter) (Elf:3)
  4 worms
  3 adder skeletons
  7 adder zombies
  An orc skeleton (D:8)
  4 swamp drake simulacra (Swamp:5)
  7 giant geckos
  An ooze (D:2)
  228 orcs
  A ball python (Lair:4)
  7 giant cockroaches
  21 hobgoblins
  12 jackals
  35 kobolds
  8 quokkas
  14 bats
  6 giant newts
  32 goblins
  A hobgoblin skeleton (Crypt:1)
  3 hobgoblin zombies (Ossuary)
  A jackal skeleton (D:8)
  5 kobold zombies (Ossuary)
  6 orc zombies
  A quokka zombie (D:8)
  39 rats
  4 spectral orcs (Lair:2)
  2 ballistomycetes (D:11)
  A briar patch (Swamp:5)
  3 fungi
  6 plants
2914 creatures vanquished.

Vanquished Creatures (others)
  2 deep elf master archers (Elf:3)
  2 ironheart preservers
  2 stone giants
  A yaktaur captain (Depths:2)
  A centaur warrior (Depths:2)
  An alligator (Swamp:5)
  2 naga sharpshooters (Snake:5)
  A deep elf knight (Elf:1)
  An unseen horror (D:13)
  An ironbrand convoker (Vaults:1)
  An ugly thing (D:14)
  A deep troll (Depths:1)
  A necromancer (Depths:5)
  11 yaktaurs
  A deep elf priest (Vaults:1)
  A fire vortex (Lair:4)
  A slime creature (Depths:2)
  A redback (Vaults:1)
  2 water elementals (Hell)
  3 deep elf fighters
  A swamp worm (shapeshifter) (Vaults:2)
  A naga (Snake:1)
  2 ogres
  A boggart (Vaults:2)
  A sky beast (D:11)
  2 centaurs (Depths:2)
  3 lost souls
  An ufetubus (Vaults:5)
  An orc (Vaults:4)
  2 giant spores
  A quokka (D:9)
  A ballistomycete (D:9)
  A briar patch (Swamp:5)
  17 fungi
  4 plants
76 creatures vanquished.

Grand Total: 2990 creatures vanquished

Notes
Turn   | Place    | Note
--------------------------------------------------------------
     0 | D:1      | Peloso, the Minotaur Fighter, began the quest for the Orb.
     0 | D:1      | Reached XP level 1. HP: 19/19 MP: 1/1
   123 | D:1      | Reached XP level 2. HP: 25/27 MP: 1/1
   267 | D:1      | Reached skill level 4 in Armour
   517 | D:1      | Reached XP level 3. HP: 33/33 MP: 2/2
   876 | D:2      | Reached skill level 1 in Dodging
   992 | D:2      | Found a sparkling altar of Nemelex Xobeh.
  1028 | D:3      | Noticed Peloso's ghost (average MiFi)
  1030 | D:3      | Noticed a giant frog
  1041 | D:2      | Reached XP level 4. HP: 19/40 MP: 2/2
  2209 | D:3      | Killed Peloso's ghost
  2209 | D:3      | Reached skill level 5 in Armour
  2209 | D:3      | Reached XP level 5. HP: 45/47 MP: 2/2
  2247 | D:3      | Killed a giant frog
  2252 | D:3      | Reached XP level 6. HP: 53/53 MP: 3/3
  2348 | D:3      | Found a deep blue altar of Sif Muna.
  2363 | D:3      | Noticed an ice beast
  2378 | D:3      | Killed an ice beast
  2378 | D:3      | Reached skill level 6 in Armour
  2378 | D:3      | Reached skill level 5 in Shields
  2517 | D:3      | Found an ancient bone altar of Kikubaaqudgha.
  2948 | D:4      | Reached skill level 5 in Fighting
  2982 | D:4      | Reached XP level 7. HP: 34/61 MP: 3/3
  3067 | D:4      | Got a shimmering platinum amulet
  3126 | D:4      | Identified the amulet "Amaf Sky" {rN+ Regen+ Str+2} (You found it on level 4 of the Dungeon)
  3152 | D:4      | Reached skill level 7 in Armour
  3537 | D:4      | Found a basalt altar of Yredelemnul.
  3717 | D:5      | Entered Level 5 of the Dungeon
  3717 | D:5      | Found an opulent altar of Gozag.
  3734 | D:5      | Found a sand-covered staircase.
  3740 | Ossuary  | Entered an ossuary
  3810 | Ossuary  | Reached XP level 8. HP: 69/69 MP: 3/3
  3831 | Ossuary  | Reached skill level 5 in Long Blades
  3988 | D:5      | Found a glowing golden altar of the Shining One.
  3996 | D:5      | Found a white marble altar of Elyvilon.
  3997 | D:5      | Found a sacrificial altar of Ru.
  4421 | D:5      | Reached skill level 8 in Armour
  4919 | D:6      | Noticed paplaukes' ghost (average DsSk)
  4933 | D:6      | Killed paplaukes' ghost
  4933 | D:6      | Reached XP level 9. HP: 70/78 MP: 4/4
  5195 | D:6      | Found a staircase to the Ecumenical Temple.
  5207 | Temple   | Entered the Ecumenical Temple
  5215 | Temple   | Reached skill level 5 in Dodging
  5253 | Temple   | Became a worshipper of Warmaster Okawaru
  5738 | D:6      | Acquired Okawaru's first power
  6234 | D:7      | Found Lyjaceuxt's Armour Boutique.
  6243 | D:7      | Found Noavomy's General Store.
  6265 | D:7      | Noticed Ijyb
  6271 | D:7      | Reached skill level 9 in Shields
  6290 | D:7      | Killed Ijyb
  6428 | D:7      | Found a shattered altar of Ashenzari.
  6635 | D:7      | Found Yqymal's General Store.
  6637 | D:7      | Reached XP level 10. HP: 85/88 MP: 4/4
  6683 | D:7      | Found Zin's Purification Station.
  6683 | D:7      | Found a glowing silver altar of Zin.
  6751 | D:8      | Found a staircase to the Lair.
  6975 | D:8      | Found a snail-covered altar of Cheibriados.
  7072 | D:8      | Found Emautoim's Weapon Boutique.
  7110 | D:8      | Reached skill level 10 in Shields
  7974 | D:9      | Reached skill level 10 in Long Blades
  8734 | D:9      | Found a bloodstained altar of Trog.
  8821 | D:10     | Entered Level 10 of the Dungeon
  8838 | D:10     | Noticed Maurice
  8854 | D:10     | Killed Maurice
  8854 | D:10     | Reached skill level 10 in Armour
  8854 | D:10     | Reached skill level 11 in Shields
  8854 | D:10     | Reached XP level 11. HP: 95/95 MP: 2/4
  9432 | D:10     | Acquired Okawaru's second power
  9468 | D:10     | Found a staircase to the Orcish Mines.
  9502 | D:10     | Found a roughly hewn altar of Beogh.
  9713 | D:10     | Found a portal to a secret trove of treasure.
  9723 | D:10     | Noticed a soul eater
  9759 | D:10     | Killed a soul eater
 10052 | D:11     | Noticed Erolcha
 10053 | D:11     | Paralysed by Erolcha for 2 turns
 10064 | D:11     | Killed Erolcha
 10072 | D:11     | Reached skill level 12 in Shields
 10281 | D:11     | Noticed Josephine
 10296 | D:11     | Killed Josephine
 10296 | D:11     | Reached skill level 10 in Fighting
 10317 | D:11     | Received a gift from Okawaru
 10487 | D:11     | Reached skill level 1 in Invocations
 10746 | D:12     | Noticed Urug
 10913 | D:12     | Killed Urug
 10913 | D:12     | Reached XP level 12. HP: 89/106 MP: 7/7
 11248 | D:12     | Reached skill level 13 in Shields
 11361 | D:12     | Noticed Gastronok
 11388 | D:12     | Killed Gastronok
 11411 | D:12     | Found a white marble altar of Elyvilon.
 11622 | D:12     | Noticed a hill giant
 11632 | D:12     | Killed a hill giant
 11876 | D:12     | Killed an unseen horror
 12309 | D:13     | Found a glowing silver altar of Zin.
 12365 | D:13     | Reached skill level 1 in Stealth
 12406 | D:13     | Found a gate to the Vaults.
 12406 | D:13     | Noticed a vault guard
 12406 | D:13     | Noticed a vault guard
 12407 | D:13     | Noticed a vault guard
 12408 | D:13     | Noticed a vault guard
 12408 | D:13     | Noticed a vault guard
 12436 | D:13     | Killed a vault guard
 12436 | D:13     | Received a gift from Okawaru
 12452 | D:13     | Killed a vault guard
 12455 | D:13     | Got a bloodstained crystal plate armour {god gift}
 12479 | D:13     | Killed a vault guard
 12507 | D:13     | Killed a vault guard
 12523 | D:13     | Noticed a vault guard
 12537 | D:13     | Killed a vault guard
 12537 | D:13     | Reached XP level 13. HP: 112/116 MP: 7/7
 12578 | D:12     | Noticed a hill giant
 12583 | D:12     | Killed a hill giant
 12599 | D:12     | Identified the -3 crystal plate armour of Aduk {rPois} (Okawaru gifted it to you on level 13 of the Dungeon)
 12629 | D:13     | Noticed a vault guard
 12651 | D:13     | Killed a vault guard
 12651 | D:13     | Reached skill level 14 in Shields
 12722 | D:13     | Killed a vault guard
 12765 | D:13     | Noticed a vault guard
 12784 | D:13     | Killed a vault guard
 12784 | D:13     | Received a gift from Okawaru
 12789 | D:13     | Got an ancient shortbow {god gift}
 12943 | D:13     | Identified the -1 shortbow "Smie" {velocity, rPois rF+ rN+ Str-3} (Okawaru gifted it to you on level 13 of the Dungeon)
 13490 | D:14     | Received a gift from Okawaru
 13700 | D:14     | Received a gift from Okawaru
 13714 | D:14     | Reached skill level 15 in Long Blades
 14195 | D:14     | Reached skill level 15 in Shields
 14195 | D:14     | Reached XP level 14. HP: 120/127 MP: 10/10
 14427 | D:15     | Entered Level 15 of the Dungeon
 14473 | D:15     | Found a labyrinth entrance.
 14480 | Lab      | Entered a labyrinth
 14926 | Lab      | Got a twitching wooden ring
 14929 | Lab      | Got a dazzling leather armour
 14944 | Lab      | Identified the ring of Xoasex {rElec rC- MR+ Str+3 Stlth-} (You took it off a minotaur in a labyrinth)
 15384 | Temple   | Identified the +2 leather armour of Honour {MR- Int+10} (You found it in a labyrinth)
 15974 | D:15     | Reached skill level 1 in Unarmed Combat
 16551 | D:15     | Found a stormy altar of Qazlal.
 16613 | D:15     | Noticed Kirke
 16729 | D:15     | Killed Kirke
 16820 | D:15     | Reached skill level 16 in Shields
 16853 | D:15     | Found a staircase to the Depths.
 17076 | D:15     | Received a gift from Okawaru
 17079 | D:15     | Got an ancient hat {god gift}
 17090 | D:15     | Identified the +2 hat of the Barber Surgeon {MR+ MP+9 Str+4 Int-2} (Okawaru gifted it to you on level 15 of the Dungeon)
 17287 | Orc:1    | Entered Level 1 of the Orcish Mines
 17350 | Orc:1    | Noticed Blork the orc
 17366 | Orc:1    | Killed Blork the orc
 17435 | Orc:1    | Noticed Prince Ribbit
 17450 | Orc:1    | Killed Prince Ribbit
 17686 | Orc:2    | Noticed Peloso's ghost (powerful MiFi)
 17726 | Orc:2    | Killed Peloso's ghost
 17813 | Orc:3    | Found a staircase to the Elven Halls.
 17912 | Orc:3    | Noticed Joseph
 17935 | Orc:3    | Killed Joseph
 18284 | Orc:3    | Found a roughly hewn altar of Beogh.
 18666 | Orc:4    | Entered Level 4 of the Orcish Mines
 18978 | Orc:4    | Found Uzouhuzowi's Weapon Emporium.
 18978 | Orc:4    | Found Ufawiss' Weapon Emporium.
 19012 | Orc:4    | Found Fineheiniy's Food Shoppe.
 19012 | Orc:4    | Found Oto Chet's Distillery.
 19241 | Orc:4    | Found a burning altar of Makhleb.
 19361 | Orc:4    | Found Shript's Armour Shoppe.
 19798 | Lair:1   | Entered Level 1 of the Lair of Beasts
 20187 | Lair:1   | Identified a +2 pair of boots of running (You found it on level 1 of the Lair of Beasts)
 20312 | Lair:1   | Noticed Harold
 20323 | Lair:1   | Killed Harold
 20987 | Lair:2   | Reached XP level 15. HP: 122/137 MP: 14/14
 21038 | Lair:2   | Noticed Nergalle
 21118 | Lair:2   | Killed Nergalle
 22139 | Lair:2   | Reached skill level 17 in Shields
 22439 | Lair:3   | Found a white marble altar of Elyvilon.
 22820 | Lair:4   | Received a gift from Okawaru
 22832 | Lair:4   | Got a shimmering crystal plate armour {god gift}
 22853 | Lair:4   | Identified the +14 crystal plate armour "Kaddug" {Contam +Fly rN+ rCorr Slay+2} (Okawaru gifted it to you on level 4 of the Lair of Beasts)
 22936 | Lair:4   | Found a frozen archway.
 23007 | IceCv    | Entered an ice cave
 23037 | IceCv    | Got a twisted chain mail
 23494 | Lair:4   | Found a staircase to the Snake Pit.
 23769 | Lair:4   | Reached skill level 18 in Shields
 24543 | Lair:5   | Found a staircase to the Swamp.
 25124 | Temple   | Identified the +6 chain mail "Jelyih" {+Inv rPois rN+ rCorr} (You found it in an ice cave)
 25588 | Lair:6   | Noticed Snorg
 25600 | Lair:6   | Killed Snorg
 25726 | Lair:6   | Received a gift from Okawaru
 26363 | Lair:7   | Received a gift from Okawaru
 26433 | Lair:7   | Reached XP level 16. HP: 136/147 MP: 15/15
 27130 | Lair:8   | Entered Level 8 of the Lair of Beasts
 27319 | Lair:8   | Found a viscous altar of Jiyva.
 27319 | Lair:8   | Found a staircase to the Slime Pits.
 27659 | Lair:8   | Reached skill level 15 in Fighting
 27697 | Lair:8   | Received a gift from Okawaru
 27883 | Lair:8   | Got a transparent scale mail
 27900 | Lair:8   | Identified the -10 scale mail of Liwupn {Str+3} (You found it on level 8 of the Lair of Beasts)
 27954 | Lair:8   | Gained mutation: You are frail (-10% HP). [mutagenic glow]
 29014 | Orc:2    | Found a roughly hewn altar of Beogh.
 29423 | Elf:1    | Entered Level 1 of the Elven Halls
 29447 | Elf:1    | Reached skill level 19 in Shields
 29685 | Elf:1    | Got a pair of brightly glowing gloves
 29696 | Elf:1    | Identified the cursed -3 pair of gloves "Feqorov" {+Inv rElec rN+ MR+ Str-2} (You found it on level 1 of the Elven Halls)
 30840 | Elf:2    | Found a runed gate.
 30841 | Elf:2    | Found a runed gate.
 30851 | Elf:2    | Found a runed gate.
 31092 | Elf:2    | Found a burning altar of Makhleb.
 31501 | Elf:2    | Received a gift from Okawaru
 31617 | Elf:2    | Reached XP level 17. HP: 141/141 MP: 15/15
 31852 | Elf:3    | Entered Level 3 of the Elven Halls
 33066 | Elf:3    | Noticed Roxanne
 33089 | Elf:3    | Killed Roxanne
 33091 | Elf:3    | Identified Roxanne's Papyrus of Ashen Transmigration (You took it off Roxanne on level 3 of the Elven Halls)
 33537 | Elf:3    | Got a polished leather armour
 33662 | Elf:3    | Gained mutation: Armour fits poorly on your strangely shaped body. [a neqoxec]
 33700 | Elf:3    | Reached skill level 20 in Shields
 34393 | Elf:3    | Reached skill level 15 in Armour
 34479 | Elf:3    | Got a bound jade ring
 34757 | Elf:3    | Identified the ring "Yfisuow" {SustAb rElec rC+} (You took it off a deep elf annihilator on level 3 of the Elven Halls)
 34830 | Elf:3    | Gained mutation: You are very frail (-20% HP). [mutagenic glow]
 35019 | Elf:3    | Identified the cursed -2 leather armour of the Accordion {rCorr Str-4 Stlth+} (You found it on level 3 of the Elven Halls)
 35051 | Elf:3    | Identified the Almanac of Lightness and Confrontation (You found it on level 3 of the Elven Halls)
 35163 | Elf:3    | Got an encrusted ring mail
 35174 | Elf:3    | Identified the cursed -1 ring mail of Ru's Condemnation {rPois Int+7} (You found it on level 3 of the Elven Halls)
 35217 | Elf:3    | Gained mutation: Your body is slowly deteriorating. [mutagenic glow]
 35225 | Elf:3    | Got an ancient jade ring
 35237 | Elf:3    | Identified the ring "Fyonuer" {MR+ Str-3 Int+4 Stlth-} (You found it on level 3 of the Elven Halls)
 35377 | Elf:3    | Got a translucent shield
 35385 | Elf:3    | Identified Xongopp's Almanac of Dusty Aid
 35390 | Elf:3    | Got a scorched scythe {drain}
 35390 | Elf:3    | Got a slimy chain mail
 35406 | Elf:3    | Identified the +4 shield "Roemn" {rPois rF- Dex+2 SInv} (You found it on level 3 of the Elven Halls)
 36162 | Temple   | Identified the +7 chain mail of Reemoiz {+Blink MR+} (You found it on level 3 of the Elven Halls)
 36181 | Temple   | Gained mutation: You are dopey. (Int -2) [mutagenic glow]
 36382 | Temple   | Identified the cursed +3 scythe of Pnuliati {drain, SInv} (You took it off a deep elf summoner on level 3 of the Elven Halls)
 36795 | Swamp:1  | Entered Level 1 of the Swamp
 36825 | Swamp:1  | Received a gift from Okawaru
 36850 | Swamp:1  | Reached XP level 18. HP: 106/134 MP: 17/17
 37661 | Swamp:2  | Gained mutation: You possess an exceptional clarity of mind. [potion of beneficial mutation]
 38028 | Temple   | Lost mutation: Your body is slowly deteriorating. [potion of cure mutation]
 38028 | Temple   | Lost mutation: You are very frail (-20% HP). [potion of cure mutation]
 38028 | Temple   | Lost mutation: You possess an exceptional clarity of mind. [potion of cure mutation]
 38028 | Temple   | Lost mutation: You are dopey. (Int -2) [potion of cure mutation]
 38028 | Temple   | Lost mutation: You are frail (-10% HP). [potion of cure mutation]
 38360 | Swamp:2  | Noticed Norris
 38379 | Swamp:2  | Killed Norris
 38379 | Swamp:2  | Reached skill level 21 in Shields
 38982 | Swamp:3  | Received a gift from Okawaru
 38987 | Swamp:3  | Got a pair of fine gloves {god gift}
 39170 | Swamp:3  | Identified the +0 pair of gloves of the Princess {Regen+ Int+4 Slay+3} (Okawaru gifted it to you on level 3 of the Swamp)
 39942 | Swamp:4  | Found a basalt altar of Yredelemnul.
 40407 | Swamp:5  | Entered Level 5 of the Swamp
 41059 | Swamp:5  | Got a decaying rune of Zot
 42154 | Snake:1  | Entered Level 1 of the Snake Pit
 42163 | Snake:1  | Found Skagib's General Store.
 42499 | Snake:1  | Noticed Rupert
 42508 | Snake:1  | Killed Rupert
 43125 | Snake:2  | Received a gift from Okawaru
 43541 | Snake:2  | Noticed Aizul
 43552 | Snake:2  | Killed Aizul
 44140 | Snake:3  | Got a jewelled scale mail
 44403 | Snake:4  | Reached skill level 22 in Shields
 44513 | Snake:4  | Reached XP level 19. HP: 154/178 MP: 18/18
 44750 | Snake:4  | Received a gift from Okawaru
 45396 | Snake:5  | Entered Level 5 of the Snake Pit
 45560 | Snake:5  | Found Idupsa's Book Shop.
 45633 | Snake:5  | Identified the -6 scale mail "Exiockin" {MR- Slay+5} (You found it on level 3 of the Snake Pit)
 45955 | Snake:5  | Noticed Donald
 45975 | Snake:5  | Killed Donald
 46321 | Snake:5  | Received a gift from Okawaru
 46657 | Snake:5  | Got a serpentine rune of Zot
 46911 | Snake:1  | Gained mutation: You can breathe flames. [mutagenic glow]
 48012 | Slime:1  | Entered Level 1 of the Pits of Slime
 48293 | Slime:2  | Received a gift from Okawaru
 48300 | Slime:2  | Got a shimmering double sword {god gift}
 48301 | Slime:2  | Identified the +8 double sword "Tormentor" {slice, *Rage +Fly MP+9 Dex-5 Stlth+} (Okawaru gifted it to you on level 2 of the Pits of Slime)
 48496 | Slime:2  | Reached skill level 23 in Shields
 49242 | Slime:2  | Received a gift from Okawaru
 49242 | Slime:2  | Reached XP level 20. HP: 189/189 MP: 18/18
 49245 | Slime:2  | Got an ancient scimitar {god gift}
 49246 | Slime:2  | Identified the +7 scimitar of Orb {drain, -Cast Contam rC+ MR+ Str+4} (Okawaru gifted it to you on level 2 of the Pits of Slime)
 49318 | Slime:3  | Gained mutation: You expend magic power (3 MP) to slightly strengthen your wands. [mutagenic glow]
 50250 | Slime:5  | Found a white marble altar of Elyvilon.
 50958 | Slime:6  | Entered Level 6 of the Pits of Slime
 51118 | Slime:6  | Received a gift from Okawaru
 51121 | Slime:6  | Got a bone long sword {god gift}
 51146 | Slime:6  | Noticed Peloso's ghost (mighty MiFi)
 51164 | Slime:6  | Killed Peloso's ghost
 51379 | Slime:5  | Identified the +4 long sword of Resourcefulness {slice, Contam +Fly rPois Str+3 Dex+3} (Okawaru gifted it to you on level 6 of the Pits of Slime)
 51807 | Slime:6  | Found a viscous altar of Jiyva.
 51824 | Slime:6  | Noticed the royal jelly
 52447 | Slime:6  | Killed the royal jelly
 52447 | Slime:6  | Received a gift from Okawaru
 52541 | Slime:6  | Got a polished ring mail {god gift}
 52570 | Slime:6  | Got a bloodstained plate armour
 52591 | Slime:6  | Got an ichor-stained long sword
 52617 | Slime:6  | Identified the +5 long sword of Pride {flame, +Rage rN+ MR+ Int+4} (You found it on level 6 of the Pits of Slime)
 52629 | Slime:6  | Got a pair of smoking boots
 52658 | Slime:6  | Identified Raoqadoth's Reference Book on Captivating Transmigration
 52697 | Slime:6  | Identified the -2 ring mail of Gallantry {rF+ rN+ Stlth-} (Okawaru gifted it to you on level 6 of the Pits of Slime)
 52713 | Slime:6  | Identified the +5 plate armour of the Moon {Regen+ Dex-2 SInv} (You found it on level 6 of the Pits of Slime)
 52730 | Slime:6  | Identified the +0 pair of boots of the Sky {-Cast Int+4} (You found it on level 6 of the Pits of Slime)
 52790 | Slime:6  | Identified Pnimaej's Disquisition on Gliding Battle Magic
 52824 | Slime:6  | Got a slimy rune of Zot
 52826 | Slime:6  | Identified the Almanac of Transformation and Attacks
 52931 | Slime:6  | Got a jewelled morningstar
 52932 | Slime:6  | Identified the +2 morningstar "Lioh" {crush, Dex+5} (You found it on level 6 of the Pits of Slime)
 53985 | Depths:1 | Entered Level 1 of the Depths
 54230 | Depths:1 | Found a gateway to Hell.
 54251 | Depths:1 | Found Qudgh's Demolitions Depot.
 54270 | Depths:1 | Reached XP level 21. HP: 173/198 MP: 19/19
 54772 | Depths:1 | Reached skill level 24 in Shields
 55000 | Depths:2 | Noticed Agnes
 55007 | Depths:2 | Killed Agnes
 55238 | Depths:2 | Found a gateway to a ziggurat.
 55250 | Depths:2 | Found a white marble altar of Elyvilon.
 55257 | Depths:2 | Found a white marble altar of Elyvilon.
 55261 | Depths:2 | Found a blossoming altar of Fedhas.
 55809 | Depths:2 | Received a gift from Okawaru
 56171 | Depths:2 | Got a smoking lead ring
 56220 | Depths:2 | Identified the Tome of Icy Battle Magic
 56325 | Depths:2 | Identified the ring of Grace {+Blink rPois rF- EV+2 Int-3 Dex+7} (You took it off a rakshasa on level 2 of the Depths)
 56643 | Depths:3 | Noticed Bezhaha1's ghost (mighty MiFi)
 56679 | Depths:3 | Killed Bezhaha1's ghost
 56856 | Depths:3 | Reached skill level 25 in Shields
 56940 | Depths:3 | Reached XP level 22. HP: 209/209 MP: 20/20
 56960 | Depths:3 | Received a gift from Okawaru
 57415 | Depths:3 | Found a one-way gate leading to the halls of Pandemonium.
 58064 | Depths:4 | Got a heavily runed granite ring
 58071 | Depths:4 | Identified the ring "Thrior" {rPois Str+2 Int+4 Dex+3} (You found it on level 4 of the Depths)
 58479 | Depths:4 | Identified a scroll of acquirement
 58486 | Depths:4 | Found a one-way gate to the infinite horrors of the Abyss.
 58504 | Depths:4 | Got a translucent hat
 58515 | Depths:4 | Identified the +0 hat of the Beginning {rCorr} (You acquired it on level 4 of the Depths)
 58630 | Depths:4 | Got a fine plate armour
 58631 | Depths:4 | Identified the +8 plate armour "Stunlofe" {rF+ SInv} (You acquired it on level 4 of the Depths)
 58739 | Depths:5 | Entered Level 5 of the Depths
 58781 | Depths:5 | Found Roysomiu's Distillery.
 58784 | Depths:5 | Found a snail-covered altar of Cheibriados.
 58790 | Depths:5 | Bought a potion of resistance for 140 gold pieces
 58790 | Depths:5 | Bought a potion of heal wounds for 70 gold pieces
 59006 | Depths:5 | Received a gift from Okawaru
 59354 | Depths:5 | Found a gate to the Realm of Zot.
 59415 | Depths:5 | Reached skill level 26 in Shields
 59579 | Depths:5 | Received a gift from Okawaru
 59585 | Depths:5 | Got a twisted chain mail {god gift}
 59846 | Depths:3 | Identified the +2 chain mail "Priatina" {rPois Dex+3} (Okawaru gifted it to you on level 5 of the Depths)
 59894 | Depths:3 | Gained mutation: You have sharp toenails. [mutagenic glow]
 60160 | Vaults:1 | Entered Level 1 of the Vaults
 60703 | Temple   | Gained mutation: You are covered in fur (AC +1). [potion of beneficial mutation]
 61070 | Vaults:1 | Reached XP level 23. HP: 194/218 MP: 20/20
 62647 | Vaults:2 | Received a gift from Okawaru
 62654 | Vaults:2 | Noticed Mara
 62657 | Vaults:2 | Noticed Peloso's illusion
 62673 | Vaults:2 | Killed Mara
 62694 | Vaults:2 | Killed Peloso's illusion
 62707 | Vaults:2 | Noticed Peloso's illusion
 62710 | Vaults:2 | Killed Mara
 62764 | Vaults:2 | Killed Peloso's illusion
 62786 | Vaults:2 | Noticed Peloso's illusion
 62832 | Vaults:2 | Killed Peloso's illusion
 62893 | Vaults:2 | Noticed Peloso's illusion
 62933 | Vaults:2 | Killed Peloso's illusion
 62961 | Vaults:2 | Found Eno Tebb's General Store.
 63337 | Vaults:2 | Found a staircase to the Crypt.
 63403 | Vaults:2 | Reached skill level 27 in Shields
 63460 | Vaults:2 | Killed Mara
 63880 | Vaults:3 | Received a gift from Okawaru
 63892 | Vaults:3 | Got an encrusted long sword {god gift}
 63893 | Vaults:3 | Identified the +10 long sword of Ravuech {flame, rPois MR+ MP+9 Dex-3 Stlth+} (Okawaru gifted it to you on level 3 of the Vaults)
 63921 | Vaults:3 | Lost mutation: Armour fits poorly on your strangely shaped body. [mutagenic glow]
 64783 | Vaults:3 | Found Psuistrasm's Jewellery Boutique.
 65137 | Vaults:4 | Found Elax Gho's Antique Armour Boutique.
 65152 | Vaults:4 | Found Kierierch's Weapon Shoppe.
 65265 | Vaults:4 | Reached skill level 1 in Evocations
 65265 | Vaults:4 | Reached XP level 24. HP: 231/231 MP: 21/21
 65274 | Vaults:4 | Received a gift from Okawaru
 65491 | Vaults:4 | Noticed Saint Roka
 65505 | Vaults:4 | Killed Saint Roka
 65520 | Vaults:4 | Reached skill level 27 in Long Blades
 66243 | Vaults:4 | Found Anuesakh's Antique Armour Boutique.
 66251 | Vaults:4 | Bought a polished hat for 261 gold pieces
 66262 | Vaults:4 | Identified the +2 hat of the Ward {Contam rF+ Dex+4} (You bought it in a shop on level 4 of the Vaults)
 66405 | Vaults:5 | Entered Level 5 of the Vaults
 66623 | Vaults:5 | Received a gift from Okawaru
 67366 | Vaults:5 | Reached XP level 25. HP: 245/245 MP: 22/22
 67569 | Vaults:5 | Got a silver rune of Zot
 67596 | Vaults:5 | Got an ichor-stained chain mail
 67597 | Vaults:5 | Identified the +7 chain mail of Ru's Hope {+Fly rPois rF- MP+9 Dex+5} (You found it on level 5 of the Vaults)
 67620 | Vaults:5 | Got a slimy bone ring
 67664 | Vaults:5 | Received a gift from Okawaru
 67959 | Vaults:5 | Found Shriez's Antique Armour Shop.
 67966 | Vaults:5 | Bought an amber-encrusted plate armour for 896 gold pieces
 67968 | Vaults:5 | Identified the +2 plate armour "Pna Vaics" {rElec rC- Stlth+} (You bought it in a shop on level 5 of the Vaults)
 67974 | Vaults:5 | Identified the ring "Klogutauch" {+/*Tele rPois Str+4 Stlth+} (You found it on level 5 of the Vaults)
 69357 | Crypt:1  | Entered Level 1 of the Crypt
 69595 | Crypt:1  | Got a warped morningstar
 69596 | Crypt:1  | Identified the +6 morningstar "Naehea" {venom, +Rage MR+ Str+7 Dex-2 Stlth-} (You found it on level 1 of the Crypt)
 70268 | Crypt:1  | Noticed Khufu
 70987 | Crypt:1  | Received a gift from Okawaru
 71002 | Crypt:1  | Killed Khufu
 71567 | Hell     | Entered the Vestibule of Hell
 71567 | Hell     | Noticed Geryon
 71589 | Hell     | Found a gateway to the freezing wastes of Cocytus.
 71596 | Hell     | Slain by a seven-headed hydra simulacrum

Action                   |  1- 3 |  4- 6 |  7- 9 | 10-12 | 13-15 | 16-18 | 19-21 | 22-24 | 25-27 || total
-------------------------+-------+-------+-------+-------+-------+-------+-------+-------+-------++-------
Melee: Long sword        |   124 |    88 |   516 |  1062 |  1874 |    59 |       |   721 |   381 ||  4825
       Unarmed           |       |       |       |       |   280 |       |    12 |       |       ||   292
       Demon blade       |       |       |       |       |    24 |  1765 |   475 |       |       ||  2264
       Double sword      |       |       |       |       |       |       |   594 |       |       ||   594
       Scimitar          |       |       |       |       |       |       |   668 |  1326 |       ||  1994
Invok: Heroism           |       |       |       |     7 |    15 |     5 |     2 |     3 |     2 ||    34
       Finesse           |       |       |       |       |     2 |       |       |     2 |       ||     4
 Abil: Evoke Flight      |       |       |       |       |       |     1 |       |       |       ||     1
Evoke: Wand              |       |       |       |       |     1 |       |     6 |     4 |       ||    11
  Use: Scroll            |       |     3 |    15 |    10 |     8 |    20 |    11 |     8 |     8 ||    83
       Potion            |       |     1 |     1 |     1 |       |     2 |     5 |     1 |     6 ||    17
 Stab: Petrified         |       |       |       |       |       |     3 |       |       |       ||     3
       Petrifying        |       |       |       |       |       |     1 |     2 |       |       ||     3
       Distracted        |       |       |       |       |       |       |     1 |     2 |       ||     3
       Invisible         |       |       |       |       |       |       |     1 |       |       ||     1
  Eat: Chunk             |       |     4 |    14 |    25 |    41 |    40 |    16 |    33 |     2 ||   175
       Beef jerky        |       |     1 |     1 |       |       |     7 |     3 |     1 |       ||    13
       Fruit             |       |       |     2 |     1 |     5 |       |     9 |     3 |     9 ||    29
       Pizza             |       |       |       |     1 |     1 |     7 |     3 |       |       ||    12
       Royal jelly       |       |       |       |       |     3 |     2 |       |       |       ||     5
       Meat ration       |       |       |       |       |       |       |     4 |     1 |     2 ||     7
